 Dungeon Crawl Stone Soup version 0.30-a0-359-gd0147acb1a (webtiles) character file.

Game seed: 15575590833006999198

348 Gismaildir the Trooper (level 6, -1/56 HPs)
             Began as a Minotaur Fighter on Nov 12, 2022.
             Slain by an iguana (10 damage)
             ... on level 4 of the Dungeon.
             The game lasted 00:04:05 (2467 turns).

Gismaildir the Trooper (Minotaur Fighter)           Turns: 2467, Time: 00:04:06

Health: -1/56      AC: 10    Str: 22    XL:     6   Next: 33%
Magic:  5/5        EV: 10    Int: 11    God:
Gold:   154        SH:  5    Dex: 10    Spells: 5/5 levels left

rFire   . . .      SeeInvis .    a - +0 war axe
rCold   + . .      Faith    .    c - +0 buckler
rNeg    . . .      Spirit   .    b - +0 scale mail
rPois   .          Reflect  .    (helmet restricted)
rElec   .          Harm     .    j - +2 cloak
rCorr   .          Rampage  .    (no gloves)
Will    .....                    (no boots)
Stlth   ..........               p - amulet of the acrobat
HPRegen 0.29/turn                g - ring of protection from cold
MPRegen 0.09/turn                r - +6 ring of intelligence

@: no status effects
A: horns 2, retaliatory headbutt
a: no special abilities


You were on level 4 of the Dungeon.
You visited 1 branch of the dungeon, and saw 4 of its levels.

You collected 154 gold pieces.

Inventory:

Hand Weapons
 a - a +0 war axe (weapon)
Missiles
 o - a throwing net (quivered)
Armour
 b - a +0 scale mail (worn)
 c - a +0 buckler (worn)
 j - a +2 cloak (worn)
Jewellery
 g - a ring of protection from cold (left hand)
 i - a ring of ice
 p - an amulet of the acrobat (around neck)
 r - a +6 ring of intelligence (right hand)
Scrolls
 l - 2 scrolls of teleportation
Potions
 d - a potion of heal wounds {unknown}
 e - a potion of lignification {unknown}
 f - a potion of attraction {unknown}
 h - a potion of flight {unknown}
 k - 2 potions of invisibility {unknown}
 m - a potion of might
 n - 2 potions of curing {unknown}
 q - a potion of ambrosia {unknown}


   Skills:
 + Level 5.0 Fighting
 + Level 4.1 Axes
 + Level 5.0 Armour
 + Level 3.0 Dodging
 + Level 4.9 Shields


You had 5 spell levels left.
You didn't know any spells.
Your spell library was empty.

Dungeon Overview and Level Annotations

Branches:
Dungeon (4/15)
 Temple: D:4-7

Altars:


Innate Abilities, Weirdness & Mutations

You have a pair of horns on your head.
You reflexively headbutt those who attack you in melee.


Message History

You barely miss the phantom.
The phantom is heavily damaged.
You barely miss the iguana. The phantom hits you.
The phantom blinks!
You blink.
You block the phantom's attack.
You slash the phantom!
The phantom is almost destroyed.
The phantom hits you.
The phantom blinks!
You blink.
The phantom closely misses you.
You miss the phantom.
The phantom is almost destroyed.
The phantom hits you but does no damage.
You hit the phantom but do no damage.
The phantom is almost destroyed.
The phantom hits you but does no damage.
The iguana hisses menacingly.
The phantom hits you but does no damage.
You slash the phantom!
You destroy the phantom!
Your Fighting skill increases to level 5!
Your Axes skill increases to level 4!
Your Armour skill increases to level 5!
Your Dodging skill increases to level 3!
You barely miss the iguana.
The iguana is moderately wounded.
The iguana bites you!
You barely miss the iguana.
The iguana is moderately wounded.
You block the iguana's attack. The iguana bites you!
* * * LOW HITPOINT WARNING * * *
You barely miss the iguana.
You headbutt the iguana, but do no damage.
The iguana is moderately wounded.
You block the iguana's attack.
You barely miss the iguana.
The iguana is moderately wounded.
The iguana barely misses you.
You barely miss the iguana.
You headbutt the iguana, but do no damage.
The iguana is moderately wounded.
The iguana bites you!
You die...

.## #...# #. ## ###)### #.
##. #...## . .. ###..# ##.
##.# ##.# #.. #..# #.# #.#
##.# ########### #.##
..####.###..######..(......#
#..#
>..............l@#...).....#
##.#
###.ยง##.######...........#
#.. #.#...#
###.........#####. #.#.###
###............. .....
#........####. .!.....
#........# ## .........#
########## .........#
###########


You could see an iguana.

Vanquished Creatures
  A phantom (D:4)
  A jelly (D:4)
  Natasha (thrice) (D:2)
  Robin (D:2)
  6 adders
  A worm (D:2)
  A dart slug (D:2)
  5 orcs
  6 ball pythons
  8 bats
  8 endoplasms
  A giant cockroach (D:2)
  12 hobgoblins
  7 jackals (D:1)
  2 quokkas
  7 frilled lizards
  14 goblins
  2 kobolds (D:3)
  4 rats
90 creatures vanquished.

Notes
Turn   | Place    | Note
-------+----------+-------------------------------------------
     0 | D:1      | Gismaildir the Minotaur Fighter began the quest for the
                  | Orb.
     0 | D:1      | Reached XP level 1. HP: 19/19 MP: 0/0
   203 | D:1      | Reached XP level 2. HP: 20/27 MP: 1/1
   392 | D:1      | Reached skill level 1 in Dodging
   634 | D:1      | Reached XP level 3. HP: 33/33 MP: 2/2
   825 | D:2      | Noticed Natasha
   826 | D:2      | Found a faded altar of an unknown god.
   834 | D:2      | Killed Natasha
   846 | D:2      | Noticed Natasha
   861 | D:2      | Noticed Robin
   867 | D:2      | Reached XP level 4. HP: 9/40 MP: 3/3
   868 | D:2      | Killed Robin
  1283 | D:2      | Reached XP level 5. HP: 47/47 MP: 4/4
  1471 | D:2      | Killed Natasha
  2087 | D:2      | Noticed Natasha
  2092 | D:2      | Killed Natasha
  2422 | D:4      | Reached XP level 6. HP: 55/55 MP: 5/5
  2463 | D:4      | Reached skill level 5 in Fighting
  2463 | D:4      | Reached skill level 5 in Armour
  2467 | D:4      | Slain by an iguana

Illustrated notes

Levels and vault maps discovered:
D:1:      matt_arrival_grand_opening, layout_basic
D:2:      layout_basic, basic_ecumenical_altar, uniq_natasha, uniq_robin
D:3:      layout_rooms
D:4:      layout_rooms, kennysheep_small_spiral, kennysheep_generic_room_6

Skill      XL: |  1  2  3  4  5  6 |
---------------+-------------------+-----
Dodging        | 1 2 3 |  3.0
Armour         | 4 5 |  5.0
Fighting       | 4 5 |  5.0
Shields        | 4 |  4.9
Axes           | 3 4 |  4.1

Action                   |  1- 3 |  4- 6 || total
-------------------------+-------+-------++-------
Melee: War axe           |    67 |   105 ||   172
       Headbutt          |     7 |    11 ||    18
  Use: Scroll            |     3 |     6 ||     9
       Potion            |     1 |       ||     1
Armor: Scale mail        |    44 |    68 ||   112
Dodge: Dodged            |    47 |    48 ||    95
Block: Buckler           |    16 |    34 ||    50

Table legend: (Time is in decaauts)
 A = Elapsed time spent in this place.
 B = Non-inter-level travel time spent in this place.
 C = Inter-level travel time spent in this place.
 D = Time resting spent in this place.
 E = Time spent auto-exploring this place.
 F = Levels seen in this place.
 G = Mean time per level.
                   A        B        C        D        E       F      G
               +--------+--------+--------+--------+--------+-----+--------+
         Total |   2537 |   2457 |     80 |    105 |   1850 |   4 |  634.2 |
       Dungeon |   2537 |   2457 |     80 |    105 |   1850 |   4 |  634.2 |
               +--------+--------+--------+--------+--------+-----+--------+

Top non-repeatable levels by time:
     D:2: 954 daAuts
     D:1: 818 daAuts
     D:3: 407 daAuts
     D:4: 357 daAuts
